cohdb
Replays
Latest Replays
All Replays
Popular Replays
Top Player Replays
Match Explorer
How It Works
Community
CoH3 Stats
Reddit
Sign in to upload your games and track your stats! →
Sign in with Steam
Match 46746751
Unlisted
Match 46746751
Overview
Messages
Build Orders
End
Engineer Squad
Selects Special Operations Battlegroup
Selects M29 Weasel Recon Vehicle
M29 Weasel Recon Vehicle
Construct Weapon Support Center
M1919 Machine Gun Team
Bazooka Squad
Infantry Support Center
M1919 Machine Gun Team
Selects Raiding Flares
Construct Motor Pool
Engineer Squad
Selects SSF Commando Squad
SSF Commando Squad
Construct Medical Station
M24 Chaffee Light Tank
SSF Commando Squad
Advanced Logistics
SSF Commando Squad
Selects Mark Vehicle
M1919 Machine Gun Team
Selects M4A1 Sherman Whizbang
M4A1 Sherman Whizbang
Munitions Surplus
M1 Anti-tank Gun Team
JBQuib
Cpt Darling
jwalker987
Reactive
BamboneWertherone ITA
Capibimbambombolilalone ITA
0
0
Comments
sign in to comment!
No comments posted yet!